 Dungeon Crawl Stone Soup version 0.30-a0-782-ge64f9170bb (webtiles) character file.

Game seed: 4217099900694939012

98 theswoord the Shooter (level 4, -5/25 HPs)
             Began as a Deep Elf Hunter on Mar 15, 2023.
             Killed by nerve-wracking pain
             ... invoked by an orc priest
              (12 damage)
             ... on level 4 of the Dungeon.
             The game lasted 00:02:01 (1880 turns).

theswoord the Shooter (Deep Elf Hunter)             Turns: 1880, Time: 00:02:02

Health: -5/25      AC:  5    Str:  8    XL:     4   Next: 43%
Magic:  6/6        EV: 12    Int: 14    God:
Gold:   156        SH:  5    Dex: 20    Spells: 3/3 levels left

rFire   . . .      SeeInvis .    a - +1 shortbow
rCold   . . .      Faith    .    (shield currently unavailable)
rNeg    . . .      Spirit   .    c - +1 leather armour
rPois   .          Reflect  +    g - +0 helmet
rElec   .          Harm     .    (no cloak)
rCorr   .          Rampage  .    (no gloves)
Will    .....                    (no boots)
Stlth   ++                       e - amulet of reflection
HPRegen 0.24/turn                (no ring)
MPRegen 0.10/turn                (no ring)

@: no status effects
A: no striking features
a: no special abilities


You were on level 4 of the Dungeon.
You visited 1 branch of the dungeon, and saw 4 of its levels.

You collected 156 gold pieces.

Inventory:

Hand Weapons
 a - a +1 shortbow (weapon)
Armour
 c - a +1 leather armour (worn)
 g - a +0 helmet (worn)
Jewellery
 e - an amulet of reflection (around neck)
Scrolls
 b - 3 scrolls of immolation
Potions
 d - a potion of attraction {unknown}
 f - 4 potions of curing
 h - 2 potions of flight
 i - a potion of degeneration {unknown}
 k - 2 potions of berserk rage {unknown}
 l - 2 potions of lignification {unknown}
 m - a potion of might {unknown}


   Skills:
 - Level 1.5 Fighting
 + Level 7.9 Ranged Weapons
 - Level 2.4 Dodging
 - Level 1.2 Stealth


You had 3 spell levels left.
You didn't know any spells.
Your spell library was empty.

Dungeon Overview and Level Annotations

Branches:
Dungeon (4/15)
 Temple: D:4-7

Altars:
Cheibriados
Trog


Message History

The orc priest invokes the aid of Beogh against you.
Pain shoots through your body!
You shoot an arrow.
The arrow closely misses the orc priest. x2
You shoot an arrow. The arrow hits the orc priest.
The orc priest begins to cast a cantrip, but forgets the words!
The orc priest calls upon Beogh to heal the orc priest.
The orc priest is healed somewhat.
The orc priest looks braver for a moment.
You shoot an arrow.
The arrow hits the orc priest but does no damage.
You shoot an arrow. The arrow hits the orc priest.
The orc priest calls down the wrath of Beogh upon you.
You barely resist.
The orc priest looks satisfied for a moment.
You shoot an arrow. The arrow hits the orc priest.
The orc priest barely misses you.
You shoot an arrow.
The arrow completely misses the orc priest. x2
The orc priest barely misses you.
An orc priest comes into view. It is wielding a +0 trident.
You shoot an arrow. The arrow barely misses the orc priest.
The orc priest shouts!
The orc priest hits you with a +0 flail.
The orc priest misses you.
You shoot an arrow.
The arrow hits the orc priest but does no damage.
The orc priest invokes the aid of Beogh against you.
Beogh smites you!
* * * LOW HITPOINT WARNING * * *
The orc priest looks satisfied for a moment.
The orc priest calls upon Beogh to heal the orc priest.
The orc priest is healed somewhat.
The orc priest barely misses you.
Blink to where?
As you read the scroll of blinking, it crumbles to dust.
There is a stone staircase leading up here.
You shoot an arrow. The arrow hits the orc priest.
The orc priest mumbles some strange prayers to Beogh against you.
Pain shoots through your body!
You die...

..## #....####
#....@#
....>##.## .##
#..#
#####o#####
#....o....#
..###..o......#
..)o...o......#
..###.........#
#.........#


You could see 2 orc priests.

Vanquished Creatures
  Jessica (D:3)
  An adder (D:2)
  7 dart slugs
  2 orcs
  3 endoplasms
  4 goblins (D:1)
  7 hobgoblins
  5 kobolds
  4 ball pythons
  5 bats
  4 frilled lizards
  4 rats
47 creatures vanquished.

Notes
Turn   | Place    | Note
-------+----------+-------------------------------------------
     0 | D:1      | theswoord the Deep Elf Hunter began the quest for the Orb.
     0 | D:1      | Reached XP level 1. HP: 12/12 MP: 3/3
    73 | D:1      | Reached XP level 2. HP: 16/16 MP: 4/4
   102 | D:1      | Reached skill level 6 in Ranged Weapons
   356 | D:1      | Reached XP level 3. HP: 20/20 MP: 5/5
   683 | D:2      | Identified the +10 dagger "Sueg" {freeze, rElec Will+++
                  | Int-3 Stlth-}
   826 | D:2      | Reached skill level 7 in Ranged Weapons
   879 | D:2      | Found a bloodstained altar of Trog.
  1348 | D:3      | Noticed Jessica
  1350 | D:3      | Killed Jessica
  1351 | D:3      | Reached XP level 4. HP: 25/25 MP: 6/6
  1657 | D:3      | Found a snail-covered altar of Cheibriados.
  1880 | D:4      | Killed from afar by an orc priest

Skill      XL: |  1  2  3 |
---------------+----------+-----
Ranged Weapons | 6 7 |  7.9
Fighting       | |  1.5
Dodging        | |  2.4
Stealth        | |  1.2

Action                     |  1- 3 |  4- 6 || total
---------------------------+-------+-------++-------
   Fire: Shortbow          |    87 |    36 ||   123
    Use: Scroll            |     6 |     2 ||     8
 Armour: Leather armour    |     1 |       ||     1
  Dodge: Dodged            |     8 |     7 ||    15
  Block: Other             |     2 |     2 ||     4
         Reflection        |     1 |       ||     1

Levels and vault maps discovered:
D:1:      dpeg_arrival_simpleton_b, layout_rooms
D:2:      layout_loops_corners, basic_altar, minmay_3d_cube
D:3:      layout_basic, mainiacjoe_overflow_concentric_impassable,
          serial_bayou_pond_e, minmay_tree_intersection, uniq_jessica
D:4:      layout_rooms
